 Dungeon Crawl Stone Soup version 0.32-a0-128-g77eb882913 (webtiles) character file.

Game seed: 6457305487903078465

50491 Gargoyl the Severer (level 14, -3/129 HPs)
             Began as a Gargoyle Berserker on Feb 5, 2024.
             Was a Priest of Trog.
             Killed from afar by an oklob plant (5 damage)
             ... with a splash of acid
             ... on level 5 of the Lair of Beasts on Feb 8, 2024.
             The game lasted 00:27:18 (16630 turns).

Gargoyl the Severer (Gargoyle Berserker)           Turns: 16630, Time: 00:27:19

Health: -3/129     AC: 10    Str: 19    XL:     14   Next: 55%
Magic:  14/14      EV:  9    Int:  9    God:    Trog [***...]
Gold:   1088       SH:  0    Dex: 23    Spells: 13/13 levels left

rFire   . . .        a - +1 hand axe (drain)
rCold   . . .        (no shield)
rNeg    + + .        o - +0 plate armour
rPois   ∞            r - +0 helmet {SInv}
rElec   +            (no cloak)
rCorr   .            w - +0 pair of gloves
SInv    +            (no boots)
Will    +....        (no amulet) Stlth
                     d - ring of positive energy
HPRegen 0.41/turn    I - ring of Vettiref {Int+2 Dex+6 SInv}
MPRegen 0.14/turn

%: no passive effects
@: berserking, corroded, flying, hasted, very quick
A: sickness immunity, AC +10, big wings, negative energy resistance 1,
electricity resistance, torment resistance 1, petrification resistance, agile 1,
frail 1, weak 1
a: Renounce Religion, Berserk, Trog's Hand


You were on level 5 of the Lair of Beasts.
You worshipped Trog.
Trog was most pleased with you.
You visited 2 branches of the dungeon, and saw 14 of its levels.
You also visited: Gauntlet.

You collected 1214 gold pieces.
You spent 126 gold pieces at shops.

Inventory:

Hand Weapons
 a - a +1 hand axe of draining (weapon)
 l - a +1 spear of venom
 y - a +2 vampiric hand axe
 z - a +3 hand axe
Missiles
 D - 25 poisoned darts (quivered)
Armour
 o - a +0 plate armour (worn)
 r - a +0 helmet of see invisible (worn)
 w - a +0 pair of gloves (worn)
Jewellery
 d - a ring of positive energy (left hand)
 f - a ring of resist corrosion
 F - a +6 ring of strength
 G - a ring of protection from fire
 I - the ring of Vettiref (right hand) {Int+2 Dex+6 SInv}
   (You found it in a Gauntlet)

   [ring of dexterity]

   Int+2:     It affects your intelligence (+2).
   Dex+6:     It affects your dexterity (+6).
   SInv:      It lets you see invisible.
 O - a ring of see invisible
Wands
 h - a wand of charming (13)
 n - a wand of iceblast (15)
 x - a wand of mindburst (23)
 H - a wand of polymorph (7)
 M - a wand of flame (7)
Scrolls
 b - a scroll of enchant weapon
 e - a scroll of fear
 p - 2 scrolls of vulnerability
 q - 4 scrolls of fog
 s - 2 scrolls of immolation
 v - a scroll of blinking
 A - 6 scrolls of teleportation
 E - a scroll of enchant armour {unknown}
 N - a scroll of poison
 P - a scroll of identify
Potions
 c - a potion of resistance {unknown}
 g - a potion of berserk rage
 i - a potion of magic
 j - 5 potions of enlightenment
 k - a potion of cancellation
 m - 5 potions of heal wounds
 u - a potion of mutation
 B - a potion of haste
 J - a potion of attraction
 K - a potion of lignification
 L - 4 potions of ambrosia
Miscellaneous
 t - a phantom mirror
 C - a lightning rod (4/4)


   Skills:
 + Level 14.0 Fighting
 + Level 15.2 Axes
 + Level 1.0(9.9) Polearms
 + Level 0.2 Throwing
 + Level 14.0 Armour
 + Level 4.1 Dodging
 + Level 6.3 Stealth


You had 13 spell levels left.
You didn't know any spells.
Your spell library was empty.

Dungeon Overview and Level Annotations

Branches:
Dungeon (9/15)             Temple (0/1) D:4            Lair (5/5) D:9
  Swamp (0/4) Lair:2       Spider (0/4) Lair:2        Slime (0/5) Lair:5
Gauntlet (visited)
    Orc: D:9-12

Altars:
Dithmenos
Hepliaklqana
Nemelex Xobeh
Okawaru
Sif Muna
Trog
Uskayaw
Wu Jian
Xom
Yredelemnul
Zin

Shops:
D:4 [

Annotations:
D:6 none10's ghost, novice MiFi
D:9 2 transporters, Tinttamiau's ghost, novice OpAl
Lair:5 exclusions: obsidian statue and 5 oklob plants


Innate Abilities, Weirdness & Mutations

You are immune to sickness and miasma.
Your stone body is resilient. (AC +10)
You are immune to poison.
Your large and strong wings let you fly.
You resist negative energy. (rN+)
You are resistant to electric shocks. (rElec)
You are resistant to unholy torment.
You are immune to petrification.
You are agile. (Dex +4, Str/Int -1)
You are frail. (-10% HP)
You are weak. (Str -2)


Message History

* * * LOW HITPOINT WARNING * * *
The acid corrodes you! The oklob plant spits acid at you.
The splash of acid hits you!
* * * LOW HITPOINT WARNING * * *
The acid corrodes you!
You hit the oklob plant but do no damage.
You drain the oklob plant.
The oklob plant is heavily damaged.
You hit the oklob plant. You drain the oklob plant. You hit the oklob plant.
Unknown command.
You hit the oklob plant but do no damage.
The oklob plant is heavily damaged.
You hit the oklob plant but do no damage. x2
You drain the oklob plant. The oklob plant spits acid at you.
The splash of acid hits you!
* * * LOW HITPOINT WARNING * * *
The acid corrodes you!
You hit the oklob plant but do no damage.
The oklob plant is heavily damaged.
You hit the oklob plant. You drain the oklob plant.
You completely miss the oklob plant.
Unknown command.
You are too berserk!
You hit the oklob plant but do no damage.
You drain the oklob plant.
The oklob plant is heavily damaged.
You hit the oklob plant but do no damage.
You drain the oklob plant.
You hit the oklob plant but do no damage.
Unknown command.
You slash the oklob plant! You drain the oklob plant.
The oklob plant is severely damaged.
You hit the oklob plant but do no damage.
You drain the oklob plant.
You hit the oklob plant but do no damage.
The oklob plant spits acid at you. The splash of acid hits you.
You die...

#...#....#.# ##..##.
#...##....## #......
#...###...### #......
#...!###....# #...#..
#.....##...## #......
##...####...###.÷....
#.....# ##......÷÷...
##...P###.###.......<
##.@PP### ##....#..
#.P>.# ####÷......
#P....###.##÷......
###..###..#..÷#.#..
### ##..........
####.....#..#.
#...#####.....
##....# #..#..
#P....# #.....


You could see 5 oklob plants.

Vanquished Creatures
  A dire elephant (Lair:5)
  A minotaur (Gauntlet)
  2 hydras (Lair:4)
  A catoblepas (Lair:3)
  2 skysharks (Lair:3)
  A soul eater (Gauntlet)
  A spectral death yak (Lair:5)
  A pharaoh ant (Lair:2)
  3 necromancers (Lair:5)
  An orange crystal statue (Gauntlet)
  25 elephants
  A manticore (Lair:3)
  3 black mambas
  Joseph (D:7)
  A torpor snail (Gauntlet)
  10 cane toads
  Jeremiah (D:7)
  4 rime drakes
  10 komodo dragons
  4 polar bears
  A hornet (D:9)
  A troll (D:9)
  A tarantella (Lair:2)
  A queen bee (Lair:3)
  7 dream sheep (Lair:5)
  A spectral elephant (Lair:5)
  6 blink frogs
  A jumping spider (Lair:2)
  A wraith (D:8)
  10 wyverns
  42 yaks
  Grum (Lair:1)
  5 basilisks
  19 water moccasins
  4 sky beasts
  An orc warrior (D:9)
  6 black bears
  2 ogres
  20 wolves
  2 centaurs
  10 bullfrogs
  7 scorpions
  A water moccasin zombie (D:7)
  4 wights (D:8)
  37 killer bees
  A howler monkey (D:7)
  4 jellies
  3 centaur zombies (D:7)
  A bullfrog zombie (D:7)
  A bombardier beetle (D:4)
  2 gnoll boudas
  4 orc priests
  3 hounds
  A hell rat (Lair:5)
  2 iguanas
  7 orc wizards
  2 howler monkey zombies (D:7)
  16 gnolls
  6 adders
  3 shadow imps (Gauntlet)
  2 ufetubi (D:5)
  4 dart slugs
  4 ribbon worms
  37 orcs
  7 endoplasms
  6 giant cockroaches
  4 hobgoblins
  12 jackals
  6 kobolds
  3 quokkas (D:1)
  8 ball pythons
  5 bats
  4 frilled lizards
  6 goblins
  A hobgoblin zombie (D:6)
  A kobold zombie (D:6)
  2 orc zombies (D:6)
  4 rats
437 creatures vanquished.

Vanquished Creatures (collateral kills)
  A hydra (Lair:2)
  2 spriggan druids (Lair:2)
  2 elephants (Lair:5)
  3 cane toads
  A komodo dragon (Lair:5)
  A polar bear (Lair:2)
  4 wolves (Lair:5)
  A bullfrog (Lair:2)
  4 hell rats (Lair:5)
19 creatures vanquished.

Grand Total: 456 creatures vanquished

Notes
Turn   | Place    | Note
-------+----------+-------------------------------------------
     0 | D:1      | Gargoyl the Gargoyle Berserker began the quest for the Orb.
     0 | D:1      | Reached XP level 1. HP: 14/14 MP: 1/1
   161 | D:1      | Reached XP level 2. HP: 17/19 MP: 2/2
   173 | D:1      | Reached skill level 3 in Axes
   558 | D:1      | Found a faded altar of an unknown god.
   582 | D:1      | Reached XP level 3. HP: 19/24 MP: 3/3
  1130 | D:2      | Reached ** piety under Trog
  1131 | D:2      | Reached XP level 4. HP: 15/29 MP: 4/4
  1134 | D:2      | Reached skill level 4 in Axes
  1640 | D:3      | You fall into a shaft and drop 2 floors!
  1640 | D:5      | Entered Level 5 of the Dungeon
  1671 | D:5      | Reached XP level 5. HP: 28/33 MP: 5/5
  1737 | D:5      | Reached XP level 6. HP: 22/39 MP: 6/6
  1813 | D:5      | Reached skill level 5 in Axes
  1885 | D:5      | Reached skill level 1 in Stealth
  2318 | D:4      | Found a staircase to the Ecumenical Temple.
  2343 | D:4      | Reached XP level 7. HP: 42/44 MP: 7/7
  2379 | D:4      | Found a glowing silver altar of Zin.
  2493 | D:4      | Identified the ring of Atuvudas {SInv Stlth+}
  2735 | D:3      | Found a shadowy altar of Dithmenos.
  2735 | D:3      | Found a bloodstained altar of Trog.
  2853 | D:3      | Found an ornate altar of the Wu Jian Council.
  3026 | D:3      | Reached *** piety under Trog
  3262 | D:4      | Found a hide-covered altar of Uskayaw.
  3450 | D:4      | Found Faupouce's Armour Boutique.
  3500 | D:4      | Bought a +0 helmet of see invisible for 126 gold pieces
  3631 | D:4      | Reached skill level 6 in Axes
  3643 | D:4      | Reached skill level 5 in Fighting
  4904 | D:6      | Reached XP level 8. HP: 49/49 MP: 8/8
  5003 | D:6      | Reached skill level 7 in Axes
  5239 | D:6      | Found a runed translucent gate.
  5239 | D:6      | Found a runed translucent gate.
  5239 | D:6      | Found a runed translucent gate.
  5240 | D:6      | Noticed none10's ghost (novice MiFi)
  5339 | D:7      | Noticed Joseph
  5350 | D:7      | Killed Joseph
  5351 | D:7      | Reached skill level 5 in Armour
  5383 | D:7      | Reached skill level 8 in Axes
  5389 | D:7      | Reached XP level 9. HP: 47/55 MP: 9/9
  5390 | D:7      | Noticed Jeremiah
  5703 | D:7      | Killed Jeremiah
  5719 | D:7      | Found a sparkling altar of Nemelex Xobeh.
  5766 | D:7      | Found a basalt altar of Yredelemnul.
  5999 | D:7      | Reached skill level 9 in Axes
  6642 | D:8      | Found a hazy altar of Hepliaklqana.
  6762 | D:8      | Found a shimmering altar of Xom.
  6768 | D:8      | Found a shimmering altar of Xom.
  6768 | D:8      | Found a shimmering altar of Xom.
  6769 | D:8      | Found a shimmering altar of Xom.
  6788 | D:8      | Reached XP level 10. HP: 51/63 MP: 10/10
  6950 | D:8      | Reached **** piety under Trog
  7257 | D:8      | Reached skill level 10 in Axes
  7344 | D:9      | Upgraded the game from 0.32-a0-39-g5c88369fb2 to
                  | 0.32-a0-128-g77eb882913
  7530 | D:9      | Found a staircase to the Lair.
  7649 | D:9      | Found a transporter.
  7652 | D:9      | Noticed Tinttamiau's ghost (novice OpAl)
  7678 | D:9      | Reached skill level 11 in Axes
  7767 | D:9      | Reached XP level 11. HP: 69/69 MP: 11/11
  7772 | D:9      | Reached ***** piety under Trog
  7966 | D:9      | Found a shimmering blue altar of Sif Muna.
  8019 | D:9      | Found a transporter.
  8039 | D:9      | Found an iron altar of Okawaru.
  8410 | Lair:1   | Entered Level 1 of the Lair of Beasts
  8618 | Lair:1   | Reached skill level 12 in Axes
  8957 | Lair:1   | Noticed Grum
  8971 | Lair:1   | Reached skill level 10 in Fighting
  8978 | Lair:1   | Killed Grum
  9347 | Lair:2   | Identified the +1 pair of boots of Utwem {*Slow rPois rC+
                  | Dex+2}
  9516 | Lair:2   | Noticed a pharaoh ant
  9518 | Lair:2   | Found a hole to the Spider Nest.
  9526 | Lair:2   | Killed a pharaoh ant
  9527 | Lair:2   | Reached XP level 12. HP: 57/78 MP: 12/12
  9722 | Lair:2   | Reached skill level 13 in Axes
  9724 | Lair:2   | Reached skill level 10 in Armour
  9975 | Lair:2   | Noticed a four-headed hydra
  9988 | Lair:2   | Killed a four-headed hydra
 10300 | Lair:2   | Found a staircase to the Swamp.
 11751 | Lair:3   | Reached XP level 13. HP: 80/86 MP: 13/13
 11776 | Lair:3   | Reached skill level 14 in Axes
 13648 | Lair:5   | Entered Level 5 of the Lair of Beasts
 13683 | Lair:5   | Gained mutation: You have hidden genetic defects. [potion
                  | of mutation]
 13683 | Lair:5   | Gained mutation: You are agile. (Dex +4, Str/Int -1)
                  | [potion of mutation]
 13744 | Lair:5   | Reached skill level 1 in Polearms
 13943 | Lair:5   | Found a gate leading to a gauntlet.
 13950 | Gauntlet | Entered a Gauntlet
 13950 | Gauntlet | Found a transporter.
 13953 | Gauntlet | Found a transporter.
 13957 | Gauntlet | Found a transporter.
 14002 | Gauntlet | Found a transporter.
 14043 | Gauntlet | Found a transporter.
 14048 | Gauntlet | Found a transporter.
 14057 | Gauntlet | Found a transporter.
 14062 | Gauntlet | Noticed a reaper
 14064 | Gauntlet | Gained mutation: You are frail. (-10% HP) [hidden defects]
 14080 | Gauntlet | Found a transporter.
 14084 | Gauntlet | Found a transporter.
 14458 | Gauntlet | Identified the ring of Vettiref {Int+2 Dex+6 SInv}
 14616 | Gauntlet | Noticed a minotaur
 14636 | Gauntlet | Killed a minotaur
 14637 | Gauntlet | Reached skill level 5 in Stealth
 15007 | Lair:5   | Gained mutation: Your large and strong wings let you fly.
                  | [Gargoyle growth]
 15007 | Lair:5   | Reached XP level 14. HP: 73/84 MP: 14/14
 15224 | Lair:5   | Reached skill level 15 in Axes
 15244 | Lair:5   | Gained mutation: You are weak. (Str -2) [hidden defects]
 15244 | Lair:5   | Lost mutation: You have hidden genetic defects. [hidden
                  | defects expressed]
 15636 | Lair:5   | Noticed a dire elephant
 15636 | Lair:5   | Noticed a dire elephant
 15637 | Lair:5   | Noticed a dire elephant
 15811 | Lair:5   | Noticed a dire elephant
 15827 | Lair:5   | Killed a dire elephant
 16436 | Lair:5   | Found a staircase to the Slime Pits.
 16627 | Lair:5   | HP: 1/129 [oklob plant/splash of acid (8)]
 16630 | Lair:5   | Killed from afar by an oklob plant

Illustrated notes

Levels and vault maps discovered:
D:1:      scummos_arrival_hexagon, layout_basic, ebering_ecumenical_altar_webs,
          nicolae_kite_square_tiling_tiny, minivault_25
D:2:      layout_rooms, grunt_decor_cap
D:3:      layout_basic, nicolae_wu_jian_wuxing_cycle,
          gammafunk_temple_overflow_elements, minmay_quantized
D:4:      layout_basic, lemuel_tele_altar, mainiacjoe_overflow_cross_hatched,
          minmay_temple_entry_grid, serial_shops, shop, kennysheep_orc_chapel
D:5:      layout_basic, nicolae_fountain_basement
D:6:      layout_cave_pools, ebering_ghost_rock_garden, minmay_mini_ossuary
D:7:      layout_rooms, mainiacjoe_overflow_small_starburst,
          nicolae_yredelemnul_corpse_copse, kennysheep_nub, uniq_jeremiah,
          uniq_joseph
D:8:      layout_basic, xom_redecorated, amcnicky_altar_gilded, nicolae_titane
D:9:      layout_long_grid, nicolae_sif_muna_little_library,
          mainiacjoe_overflow_brackets, due_lair_maze_entry_diamond,
          gammafunk_ghost_stat_death
Lair:1:   layout_gridlike, serial_rivers, chequers_serial_rivers_micro_b,
          chequers_serial_rivers_micro_d, chequers_serial_rivers_marsh,
          chequers_serial_rivers_micro_e, chequers_serial_rivers_micro_c,
          chequers_serial_rivers_micro_b, infiniplex_staircase_pool_2, uniq_grum
Lair:2:   layout_loops_ring, mainiacjoe_swamp_entry_angry_trees,
          nicolae_spider_entry_lesser_pyramids, patterned_corridor
Lair:3:   regret_index_wax_grids, layout_loops_ring,
          portal_ice_cave_entry_pillars_2, kennysheep_catoblepas_arena,
          grunt_megastairs_2
Lair:4:   layout_cave_pods
Lair:5:   due_jungle_book, layout_loops_ring, minmay_slime_entry_oklob_enclosed,
          gauntlet_entry_generic

Skill      XL: |  1  2  3  4  5  6  7  8  9 10 11 12 13 14 |
---------------+-------------------------------------------+-----
Axes           | 3 4 5 6 8 9 11 12 13 14 15 | 15.2
Fighting       | 4 5 7 8 10 12 13 14 | 14.0
Dodging        | 2 3 4 |  4.1
Stealth        | 1 5 6 |  6.3
Armour         | 3 5 7 8 9 11 12 14 | 14.0
Polearms       | 1 |  1.0
Throwing       | |  0.2

Action                     |  1- 3 |  4- 6 |  7- 9 | 10-12 | 13-15 || total
---------------------------+-------+-------+-------+-------+-------++-------
  Melee: Hand axe          |   103 |   134 |   455 |   598 |   789 ||  2079
         Punch             |       |     1 |     4 |    50 |   107 ||   162
         Spear             |       |       |       |       |    25 ||    25
  Throw: Throwing net      |       |     2 |       |       |       ||     2
 Invoke: Berserk           |     2 |     3 |    11 |    11 |    15 ||    42
         Trog's Hand       |       |     2 |     4 |     5 |    10 ||    21
         Brothers in Arms  |       |       |       |     1 |     5 ||     6
    Use: Scroll            |     4 |     1 |    12 |       |    11 ||    28
         Potion            |       |       |     2 |       |     9 ||    11
   Stab: Petrified         |       |       |       |       |    22 ||    22
         Petrifying        |       |       |       |       |     3 ||     3
         Invisible         |       |       |       |       |     2 ||     2
         Distracted        |       |       |       |       |     1 ||     1
 Armour: Animal skin       |    77 |   117 |     3 |       |       ||   197
         Plate armour      |       |       |   456 |   756 |   816 ||  2028
  Dodge: Dodged            |    95 |   124 |   190 |   302 |   394 ||  1105

Table legend: (Time is in decaauts)
 A = Elapsed time spent in this place.
 B = Non-inter-level travel time spent in this place.
 C = Inter-level travel time spent in this place.
 D = Time resting spent in this place.
 E = Time spent auto-exploring this place.
 F = Levels seen in this place.
 G = Mean time per level.
                   A        B        C        D        E       F      G
               +--------+--------+--------+--------+--------+-----+--------+
         Total |  16485 |  16219 |    266 |   2808 |   9486 |  15 | 1099.0 |
       Dungeon |   8548 |   8383 |    165 |    738 |   5485 |   9 |  949.8 |
          Lair |   7153 |   7053 |    100 |   1822 |   3795 |   5 | 1430.6 |
      Gauntlet |    783 |    783 |      0 |    247 |    205 |   1 |  783.0 |
               +--------+--------+--------+--------+--------+-----+--------+

Top non-repeatable levels by time:
  Lair:5: 2026 daAuts
  Lair:2: 1818 daAuts
     D:4: 1470 daAuts
  Lair:3: 1419 daAuts
     D:5: 1166 daAuts
     D:1: 1090 daAuts
     D:9: 1047 daAuts
     D:8: 1028 daAuts
  Lair:4: 980 daAuts
  Lair:1: 908 daAuts
Gauntlet: 783 daAuts
     D:6: 750 daAuts
     D:7: 716 daAuts
     D:3: 683 daAuts
     D:2: 595 daAuts
